 Dungeon Crawl Stone Soup version bcrawl-1.41.1 (webtiles) character file.

Game seed: 6938960534092801708

179542 tronn the Sneak (level 5, -2/34 HPs)
             Began as an Octopode Archaeologist on Apr 16, 2024.
             Killed from afar by Jessica (9 damage)
             ... with a wand of flame (17)
             ... on level 3 of the Dungeon.
             The game lasted 00:04:50 (1451 turns).

tronn the Sneak (Octopode Archaeologist)            Turns: 1451, Time: 00:04:51

Health: -2/34      AC:  2    Str: 10    XL:     5   Next: 4%
Magic:  6/6        EV: 14    Int: 17    God:
Gold:   90         SH:  0    Dex: 11    Spells: 2/6 levels left

rFire    . . .     GDR:     23% b - +0 blowgun
rCold    . . .     SeeInvis .   (no shield)
rNeg     . . .     Gourm    .   c - +1 hat
rPois    .         Faith    .   (cloak restricted)
rElec    .         Spirit   .   (no amulet)
rCorr    .         Reflect  .   a - +2 ring of slaying
MR       .....                  (no ring)
Stlth    ++++......             (no ring)
HPRegen  0.15/turn              (no ring)
MPRegen  0.10/turn              (no ring)
                                (no ring)
                                (no ring)
                                (no ring)

@: slowed, very slow
A: almost no armour, stealthy swim, resist paralysis, amphibious, 8 rings,
constrict 8, camouflage 1, gelatinous body 1
a: no special abilities


You were on level 3 of the Dungeon.
You were hungry.

You visited 1 branch of the dungeon, and saw 3 of its levels.

You collected 90 gold pieces.

Inventory:

Hand Weapons
 b - a +0 blowgun (weapon)
 k - a cursed -1 mace
 p - a +4 whip of draining
Missiles
 d - 4 curare-tipped needles (quivered)
 j - 255 bolts
 q - 121 poisoned tomahawks
 s - 148 sling bullets
Armour
 c - a +1 hat (worn)
Jewellery
 a - a +2 ring of slaying (left tentacle)
Scrolls
 f - a scroll of acquirement
 g - a scroll of revelation
 i - a scroll of identify
 l - a scroll of enchant weapon {unknown}
 m - a scroll of enchant armour {unknown}
 n - 2 scrolls of fear {unknown}
Potions
 h - a potion of brilliance {unknown}
 o - a potion of magic {unknown}
 r - 2 potions of curing {unknown}
Comestibles
 e - 4 rations {!d}
 t - a chunk of flesh


   Skills:
 * Level 1.8 Fighting
 * Level 1.4 Maces & Flails
 + Level 1.1 Throwing
 + Level 3.2 Dodging
 * Level 5.5 Stealth
 + Level 1.1 Unarmed Combat
 + Level 1.0 Spellcasting
 + Level 0.3 Conjurations
 + Level 0.1 Hexes
 + Level 1.1 Evocations


You had 2 spell levels left.
You knew the following spells:

 Your Spells              Type           Power        Failure   Level  Hunger
a - Fulminant Prism       Conj/Hex       #.........   88%         4    ######.

Your spell library contained the following spells:

 Spells                   Type           Power        Failure   Level  Hunger
 Magic Dart               Conj           #...         19%         1    None
 Searing Ray              Conj           #.......     28%         2    ###....
 Iskenderun's Mystic Bla  Conj           #.......     50%         3    #####..
 Irradiate                Conj/Tmut      #.........   99%         5    #######


Dungeon Overview and Level Annotations

Branches:
Dungeon (3/12)

Altars:

Annotations:
D:3 Jessica


Innate Abilities, Weirdness & Mutations

You cannot wear most types of armour.
You are very stealthy in the water. (Stealth+)
Your unusual nervous system resists paralysis.
You are amphibious.
You can wear up to eight rings at the same time.
You can use your tentacles to constrict eight enemies at once.
Your skin changes colour to match your surroundings (Stealth+).
Your rubbery body absorbs attacks. (AC +1, EV +1)


Message History

Your Spellcasting skill increases to level 1!
You have reached level 5!
You feel clever.
You're now able to understand the dusty tome!
Part of it contains a powerful arcane formula!
Most of the book is about a legendary artefact.
Supposedly this artefact could grant its holder eternal life, but with some unclear side effects.
The book describes a war being fought over it until it was stolen by a powerful wizard.
Wield which item (- for none, * to show all)? (? for menu, Esc to quit)
b - a +0 blowgun (weapon)
Jessica zaps a wand.
The puff of flame hits you!
* * * LOW HITPOINT WARNING * * *
Firing (i - inventory. (/) - cycle)
d - 5 curare-tipped needles (quivered)
Press: ? - help, Shift-Dir - straight line, f - Jessica
Aim: Jessica, wearing a +0 robe and carrying a wand of flame (17) (fast)
You are feeling hungry.
You shoot a curare-tipped needle. The curare-tipped needle hits Jessica.
Jessica is poisoned.
Jessica convulses.
Jessica seems to slow down.
Jessica is severely wounded.
Jessica zaps a wand.
The puff of flame hits you!
You die...

#.#.........รท..# #
#.#...########.# #
#..........#...#####
#...#.####.#.#...... ..
#.......##.#.#...###
.... #@.####.##.#.#.#.#
.....#.....#.##.#.#.#.#
#......#.#.##.#.#.#.#
#..#..@# #....#.###.#
#......# ######. ..#
......#.# ###
#.#......# ..#..#####
#.. #.# #


You could see Jessica.

Vanquished Creatures
  A hound (D:3)
  Robin (D:2)
  A gnoll (D:3)
  2 adders (D:3)
  A worm (D:2)
  A dart slug (D:1)
  A leopard gecko (D:2)
  An orc (D:2)
  3 bats
  2 giant cockroaches (D:1)
  4 goblins
  7 hobgoblins
  3 jackals (D:1)
  3 kobolds
  4 quokkas
  3 ball pythons
  4 frilled lizards
  5 rats
47 creatures vanquished.

Notes
Turn   | Place    | Note
-------+----------+-------------------------------------------
     0 | D:1      | tronn the Octopode Archaeologist began the quest for the
                  | Orb.
     0 | D:1      | Reached XP level 1. HP: 13/13 MP: 1/1
   124 | D:1      | Reached XP level 2. HP: 8/18 MP: 2/2
   674 | D:2      | Noticed Robin
   678 | D:2      | Reached XP level 3. HP: 23/23 MP: 3/3
   684 | D:2      | Killed Robin
   685 | D:2      | Reached skill level 5 in Stealth
   690 | D:2      | HP: 1/23 [hobgoblin/+0 club[Robin] (4)]
   973 | D:3      | Reached skill level 1 in Evocations
   973 | D:3      | Reached XP level 4. HP: 23/28 MP: 5/5
   982 | D:3      | Reached skill level 1 in Throwing
   982 | D:3      | Reached skill level 1 in Unarmed Combat
  1139 | D:3      | Learned a level 4 spell: Fulminant Prism
  1445 | D:3      | Noticed Jessica
  1450 | D:3      | Reached skill level 1 in Spellcasting
  1450 | D:3      | Reached XP level 5. HP: 15/34 MP: 6/6
  1450 | D:3      | Identified a scroll of acquirement
  1451 | D:3      | Killed from afar by Jessica

Skill      XL: |  1  2  3  4 |
---------------+-------------+-----
Stealth        | 5 |  5.5
Evocations     | 1 |  1.1
Throwing       | 1 |  1.1
Unarmed Combat | 1 |  1.1
Spellcasting   | 1 |  1.0
Fighting       | |  1.8
Maces & Flails | |  1.4
Dodging        | |  3.2
Conjurations   | |  0.3
Hexes          | |  0.1

Action                   |  1- 3 |  4- 6 || total
-------------------------+-------+-------++-------
Melee: Whip              |    72 |    21 ||    93
       Constrict         |    14 |     6 ||    20
       Tentacles         |    10 |     7 ||    17
 Fire: Blowgun           |     1 |     1 ||     2
 Stab: Sleeping          |     5 |     4 ||     9
  Eat: Chunk             |     2 |     2 ||     4
Armor: Skin              |     7 |     4 ||    11
Dodge: Dodged            |    26 |    10 ||    36
